 Dungeon Crawl Stone Soup version 0.30.1-11-g7821555f0a (webtiles) character file.

Game seed: 13917512750058400982

64164 mangeymoose the Severer (level 14, -1/130 HPs)
             Began as a Minotaur Fighter on Dec 18, 2023.
             Was a High Priest of the Shining One.
             Splashed by the Royal Jelly's acid (4 damage)
             ... on level 5 of the Pits of Slime.
             The game lasted 01:36:03 (20602 turns).

mangeymoose the Severer (Minotaur Fighter)         Turns: 20602, Time: 01:36:04

Health: -1/130     AC: 37    Str: 32    XL:     14   Next: 70%
Magic:  18/18      EV:  8    Int:  9    God:    the Shining One [*****.]
Gold:   734        SH: 14    Dex: 14    Spells: 13/13 levels left

rFire   . . .        a - +5 war axe (spect)
rCold   + . .        F - +1 kite shield
rNeg    + + .        l - +15 Maxwell's patent armour {-Cast -Tele rElec Will+ rCorr}
rPois   .            c - +0 hat
rElec   +            D - +0 cloak
rCorr   +            S - +2 pair of gloves {Str+3}
SInv    .            O - +3 pair of mountain boots {steadfast, rC+}
Will    ++...        s - amulet "Lugiun" {*Slow Regen+ Str+4 Dex+3 Slay+6} Stlth
                     H - +4 ring of protection
HPRegen 1.21/turn    W - +6 ring of intelligence
MPRegen 0.16/turn

%: no teleportation, no spellcasting, slow self (1%)
@: corroded, glowing
A: horns 2, retaliatory headbutt, dopey 1, screaming 1, subdued magic 1,
devolution 1
a: Renounce Religion, Divine Shield, Cleansing Flame, Summon Divine Warrior


You were on level 5 of the Pits of Slime.
You worshipped the Shining One.
The Shining One was extremely pleased with you.
You visited 3 branches of the dungeon, and saw 20 of its levels.

You collected 1306 gold pieces.
You spent 572 gold pieces at shops.

Inventory:

Hand Weapons
 a - a +5 spectral war axe (weapon)
 L - a +4 falchion of freezing
Missiles
 g - 31 poisoned darts
 Q - 3 curare-tipped darts (quivered)
Armour
 c - a +0 hat (worn)
 l - the +15 Maxwell's patent armour (worn) {-Cast -Tele rElec Will+ rCorr}
   (You acquired it on level 2 of the Dungeon)

   rElec:     It insulates you from electricity.
   -Cast:     It prevents spellcasting.
   -Tele:     It prevents most forms of teleportation.
   rCorr:     It protects you from acid and corrosion.
   Will:      It increases your willpower.
 D - a +0 cloak (worn)
 F - a +1 kite shield (worn)
 O - the +3 pair of mountain boots (worn) {steadfast, rC+}
   (You acquired it on level 5 of the Dungeon)

   Steadfast: It prevents involuntary movement, except for blinking,
   teleportation, or banishment.
   rC:        It protects you from cold.
 S - a +2 pair of gloves of strength (worn)
Jewellery
 o - an amulet of regeneration
 s - the amulet "Lugiun" (around neck) {*Slow Regen+ Str+4 Dex+3 Slay+6}
   (You found it on level 8 of the Dungeon)

   [amulet of regeneration]

   Str:       It affects your strength (+4).
   Dex:       It affects your dexterity (+3).
   Slay:      It affects your accuracy & damage with ranged weapons and melee
   (+6).
   Regen:     It increases your rate of health regeneration.
   *Slow:     It may slow you when you take damage.
 v - a ring of ice
 z - a ring of see invisible
 H - a +4 ring of protection (left hand)
 W - a +6 ring of intelligence (right hand)
Wands
 p - a wand of iceblast (4)
 A - a wand of paralysis (9)
 B - a wand of acid (7)
Scrolls
 b - 2 scrolls of fear
 h - a scroll of silence {unknown}
 i - 2 scrolls of poison
 n - a scroll of identify
 q - a scroll of magic mapping
 x - a scroll of brand weapon
 C - 4 scrolls of immolation
 G - 5 scrolls of teleportation
 P - a scroll of fog {unknown}
 X - 2 scrolls of butterflies
Potions
 d - 3 potions of might
 e - 3 potions of lignification
 f - a potion of flight
 j - 2 potions of magic {unknown}
 k - 5 potions of brilliance
 r - 3 potions of mutation
 t - 2 potions of cancellation {unknown}
 u - a potion of heal wounds
 I - a potion of berserk rage {unknown}
 J - 2 potions of degeneration {unknown}
 M - 2 potions of attraction {unknown}
 N - 5 potions of curing
 R - a potion of ambrosia {unknown}
 T - 2 potions of resistance
 V - 3 potions of invisibility {unknown}
Miscellaneous
 m - a phial of floods
 U - a phantom mirror
 Z - a piece from Xom's chessboard (15/15)


   Skills:
 + Level 13.8 Fighting
 - Level 18.0 Axes
 + Level 7.0 Throwing
 + Level 13.8 Armour
 + Level 13.8 Shields
 + Level 7.0 Invocations


You had 13 spell levels left.
You didn't know any spells.
Your spell library contained the following spells:

 Spells                   Type           Power      Damage    Failure   Level
 Apportation              Tloc           0%         N/A       95%         1
 Freeze                   Ice            0%         1d3       95%         1
 Magic Dart               Conj           0%         1d3       95%         1
 Necrotise                Necr           0%         1d4       95%         1
 Summon Small Mammal      Summ           0%         N/A       95%         1
 Frozen Ramparts          Ice            0%         1d1       100%        3
 Hailstorm                Conj/Ice       0%         3d3       100%        3
 Olgreb's Toxic Radiance  Pois           0%         N/A       100%        4
 Discord                  Hex            0%         N/A       100%        8
 Ignition                 Fire           0%         3d3       100%        8


Dungeon Overview and Level Annotations

Branches:
Dungeon (10/15)            Temple (0/1) D:7            Lair (5/5) D:10
  Swamp (0/4) Lair:2        Snake (0/4) Lair:2        Slime (5/5) Lair:5
    Orc: D:9-12

Altars:
Cheibriados
Dithmenos
Elyvilon
Fedhas
Kikubaaqudgha
Makhleb
Okawaru
Qazlal
Ru
Sif Muna
Uskayaw
Vehumet
Xom
Yredelemnul
Zin
The Shining One
Lugonu

Shops:
D:5 ?

Portals:
Abyss: Lair:5

Annotations:
D:6 1 runed translucent door, comborobin's ghost, weakling DgDe
D:8 1 runed translucent door, octoduck's ghost, novice DEFE
Slime:5 Royal Jelly


Innate Abilities, Weirdness & Mutations

You have a pair of horns on your head.
You reflexively headbutt those who attack you in melee.
You are dopey. (Int -2)
You occasionally shout uncontrollably at your foes.
Your spells are a little easier to cast, but a little less powerful.
You have hidden genetic defects.


Message History

The rockslime quivers.
Your +5 spectral war axe hits the great orb of eyes.
You kill the great orb of eyes!
The rockslime hits you but does no damage.
Your Throwing skill increases to level 7!
Your Invocations skill increases to level 7!
Your +5 spectral war axe disappears.
The Royal Jelly hits you but does no damage. x2
The slime creature hits you. The acid blob spits acid at you.
The splash of acid hits you! You resist.
* * * LOW HITPOINT WARNING * * *
The acid corrodes you! You block the rockslime's attack.
You block the Royal Jelly's attack. The Royal Jelly closely misses you.
You hit the slime creature.
The slime creature is severely wounded.
You hit the Royal Jelly but do no damage.
Your hands burn!
* * * LOW HITPOINT WARNING * * *
You hit the rockslime but do no damage.
Your +5 spectral war axe hits the slime creature!
Your +5 spectral war axe hits the rockslime but does no damage.
Your +5 spectral war axe completely misses the slime creature.
Your +5 spectral war axe hits the rockslime.
Your +5 spectral war axe hits the slime creature.
Your +5 spectral war axe hits the slime creature!!
You kill the slime creature!
Your +5 spectral war axe hits the Royal Jelly.
Your +5 spectral war axe is burned by acid!
A slime creature comes into view.
Two slime creatures merge to form a large slime creature.
A slime creature comes into view.
You block the rockslime's attack. The Royal Jelly hits you!
* * * LOW HITPOINT WARNING * * *
You are splashed with acid.
You resist.
* * * LOW HITPOINT WARNING * * *
The Royal Jelly hits you!
* * * LOW HITPOINT WARNING * * *
The acid corrodes you!
You are splashed with acid.
You resist.
You die...

# ###........ .
##....JJ.... #
#.####....J.J........
..#.#....J.............
...........JJ..........
.....G......J..........
....J.J(...............
....J.J@...............
...J...J............#
...............<..#
..................#
.................##
.................#
.................#
................##
.............##


You could see the Royal Jelly, an acid blob, a great orb of eyes, a large slime
creature, 10 slime creatures, a rockslime and a friendly +5 spectral war axe.

Vanquished Creatures
  4 acid blobs
  Kirke (Lair:5)
  An azure jelly (Slime:1)
  5 rockslimes
  2 quicksilver oozes
  Josephine (Lair:4)
  5 great orbs of eyes
  2 hydras (Lair:5)
  Erica (D:9)
  A two-headed ogre (D:9)
  A boulder beetle (Lair:5)
  4 death yaks (Lair:4)
  An alligator (D:9)
  3 thrashing horrors (Lair:5)
  3 skysharks
  A swamp dragon (Lair:2)
  2 bog bodies (Lair:2)
  4 ugly things
  2 shining eyes
  2 cyclopes
  4 black mambas
  Joseph (D:8)
  A gargoyle (D:10)
  8 cane toads
  2 smoke demons (Lair:5)
  A large abomination (Lair:5)
  3 rime drakes
  Maggie (D:7)
  An ancient zyme (Lair:5)
  A kobold demonologist (D:9)
  5 komodo dragons
  A merfolk (Lair:2)
  A troll (D:10)
  A troll (shapeshifter) (Lair:5)
  2 polar bears (Lair:5)
  A tyrant leech (Lair:2)
  3 hornets
  A hornet (shapeshifter) (Lair:5)
  7 dream sheep (Lair:5)
  13 blink frogs
  24 slime creatures
  A spriggan (Lair:5)
  A wyvern (Lair:3)
  7 wraiths
  A ynoxinul (Lair:5)
  2 steam dragons (D:9)
  38 yaks
  6 basilisks
  A vampire mosquito (D:9)
  A chaos spawn (Lair:5)
  Edmund (D:5)
  3 hogs (Lair:5)
  13 water moccasins
  A swamp worm (Lair:2)
  A sky beast (D:6)
  A black bear (D:7)
  14 wolves
  A centaur (D:6)
  11 small abominations (Lair:5)
  2 ogres
  3 kobold brigands (D:9)
  6 scorpions
  9 bullfrogs
  9 wights
  8 killer bees
  3 howler monkeys
  4 electric eels
  8 hounds
  3 jellies
  2 gnoll boudas
  6 orc priests
  An iron imp (D:10)
  Jessica (D:2)
  6 hell rats (Lair:4)
  2 iguanas (D:5)
  13 orc wizards
  12 gnolls
  12 adders
  2 white imps
  An ufetubus (D:5)
  26 orcs
  11 ball pythons
  6 endoplasms
  3 giant cockroaches
  10 goblins
  4 hobgoblins (D:1)
  3 jackals
  5 quokkas
  9 bats
  3 frilled lizards (D:1)
  8 kobolds
  7 rats (D:1)
440 creatures vanquished.

Vanquished Creatures (others)
  An electric eel (D:9)
  3 spectral weapons
4 creatures vanquished.

Grand Total: 444 creatures vanquished

Notes
Turn   | Place    | Note
-------+----------+-------------------------------------------
     0 | D:1      | mangeymoose the Minotaur Fighter began the quest for the
                  | Orb.
     0 | D:1      | Reached XP level 1. HP: 19/19 MP: 0/0
   358 | D:1      | Reached XP level 2. HP: 25/27 MP: 1/1
   449 | D:1      | Reached skill level 3 in Axes
   681 | D:1      | Reached XP level 3. HP: 32/33 MP: 2/2
   964 | D:2      | Noticed Jessica
   970 | D:2      | Killed Jessica
   975 | D:2      | Reached XP level 4. HP: 40/40 MP: 3/3
  1038 | D:2      | Reached skill level 4 in Axes
  1084 | D:2      | Identified a scroll of acquirement
  1084 | D:2      | Acquired the +15 Maxwell's patent armour {-Cast -Tele rElec
                  | Will+ rCorr}
  1084 | D:2      | Found the +15 Maxwell's patent armour {-Cast -Tele rElec
                  | Will+ rCorr}
  2010 | D:3      | Found a blossoming altar of Fedhas.
  2085 | D:3      | Reached XP level 5. HP: 43/47 MP: 4/4
  3033 | D:4      | Reached skill level 5 in Axes
  3065 | D:4      | Reached XP level 6. HP: 52/55 MP: 5/5
  3467 | D:4      | Found a glowing golden altar of the Shining One.
  3475 | D:4      | Became a worshipper of the Shining One
  3485 | D:4      | Reached skill level 5 in Fighting
  3485 | D:4      | Reached skill level 5 in Armour
  3485 | D:4      | Reached skill level 5 in Shields
  3717 | D:5      | Entered Level 5 of the Dungeon
  3738 | D:5      | Found Caugh's Magic Scroll Emporium.
  4048 | D:5      | Reached skill level 6 in Axes
  4505 | D:5      | Reached XP level 7. HP: 61/61 MP: 6/6
  4572 | D:5      | Noticed Edmund
  4594 | D:5      | Killed Edmund
  4849 | D:5      | Found a basalt altar of Yredelemnul.
  4907 | D:5      | Found a white marble altar of Elyvilon.
  5029 | D:5      | Reached skill level 7 in Axes
  5207 | D:5      | Reached XP level 8. HP: 70/70 MP: 7/7
  5430 | D:6      | Reached skill level 8 in Axes
  5833 | D:6      | Noticed a green ugly thing
  5850 | D:6      | Killed a green ugly thing
  6013 | D:6      | Found a shadowy altar of Dithmenos.
  6054 | D:6      | Found a runed translucent door.
  6055 | D:6      | Noticed comborobin's ghost (weakling DgDe)
  6366 | D:6      | Reached skill level 9 in Axes
  6684 | D:7      | Reached XP level 9. HP: 79/79 MP: 8/8
  6788 | D:7      | Found a staircase to the Ecumenical Temple.
  6822 | D:7      | Found an iron altar of Okawaru.
  6919 | D:7      | Noticed Maggie
  6933 | D:7      | Killed Maggie
  6939 | D:7      | Reached skill level 10 in Axes
  7125 | D:7      | Found a sacrificial altar of Ru.
  7230 | D:7      | Found a stormy altar of Qazlal.
  7449 | D:7      | Reached * piety under the Shining One
  7752 | D:7      | Found a radiant altar of Vehumet.
  7752 | D:7      | Found an ancient bone altar of Kikubaaqudgha.
  7754 | D:7      | Found a shimmering blue altar of Sif Muna.
  7769 | D:7      | Got Vehumet's Thoughts on the Discharge
  7945 | D:8      | Found a shimmering altar of Xom.
  7945 | D:8      | Found a hide-covered altar of Uskayaw.
  7946 | D:8      | Identified the amulet "Lugiun" {*Slow Regen+ Str+4 Dex+3
                  | Slay+6}
  8003 | D:8      | Noticed Joseph
  8020 | D:8      | Killed Joseph
  8086 | D:8      | Found a runed translucent door.
  8087 | D:8      | Noticed octoduck's ghost (novice DEFE)
  8087 | D:8      | Noticed a boulder beetle
  8127 | D:8      | Noticed a cyclops
  8140 | D:8      | Killed a cyclops
  8141 | D:8      | Reached skill level 11 in Axes
  8196 | D:8      | Reached XP level 10. HP: 90/90 MP: 9/9
  8537 | D:8      | Reached ** piety under the Shining One
  9534 | D:5      | Bought a scroll of acquirement for 572 gold pieces
  9534 | D:5      | Acquired the +3 pair of mountain boots {steadfast, rC+}
  9534 | D:5      | Found the +3 pair of mountain boots {steadfast, rC+}
  9904 | D:9      | Found a glowing silver altar of Zin.
  9905 | D:9      | Noticed an angel
  9980 | D:9      | Reached skill level 12 in Axes
  9995 | D:9      | Noticed Erica
 10005 | D:9      | Killed Erica
 10062 | D:9      | Found a large runed translucent door.
 10250 | D:9      | Noticed a two-headed ogre
 10267 | D:9      | Killed a two-headed ogre
 10289 | D:9      | Found a large runed translucent door.
 10289 | D:9      | Found a large runed translucent door.
 10292 | D:9      | Noticed a brown ugly thing
 10293 | D:9      | Noticed a cyclops
 10331 | D:9      | Killed a brown ugly thing
 10334 | D:9      | Killed a cyclops
 10335 | D:9      | Reached skill level 13 in Axes
 10335 | D:9      | Reached XP level 11. HP: 54/99 MP: 10/10
 10335 | D:9      | Found a large runed translucent door.
 10556 | D:9      | Reached skill level 10 in Fighting
 10558 | D:9      | Noticed a four-headed hydra
 10558 | D:9      | Reached *** piety under the Shining One
 10570 | D:9      | a five-headed hydra changed into an alligator
 10570 | D:9      | Noticed an alligator
 10577 | D:9      | Killed an alligator
 10578 | D:9      | Reached skill level 10 in Armour
 10578 | D:9      | Reached skill level 10 in Shields
 10899 | D:10     | Entered Level 10 of the Dungeon
 11285 | D:10     | Found a staircase to the Lair.
 11285 | D:10     | Found a burning altar of Makhleb.
 11497 | D:10     | Found a snail-covered altar of Cheibriados.
 12250 | Lair:1   | Entered Level 1 of the Lair of Beasts
 12678 | Lair:1   | Reached skill level 14 in Axes
 13891 | Lair:2   | Found a staircase to the Snake Pit.
 14259 | Lair:2   | Reached XP level 12. HP: 106/110 MP: 11/11
 14306 | Lair:2   | Reached skill level 1 in Throwing
 14362 | Lair:2   | Reached skill level 1 in Invocations
 14394 | Lair:2   | Found a staircase to the Swamp.
 14399 | Lair:2   | Reached skill level 15 in Axes
 15206 | Lair:3   | Identified the +7 chain mail "Jumibrutiy" {rC+ MP+9 Dex+2}
 15688 | Lair:4   | Reached **** piety under the Shining One
 16047 | Lair:4   | Reached skill level 16 in Axes
 16609 | Lair:4   | Noticed Josephine
 16623 | Lair:4   | Killed Josephine
 16655 | Lair:4   | Noticed a death yak
 16656 | Lair:4   | Noticed a death yak
 16658 | Lair:4   | Noticed a death yak
 16660 | Lair:4   | Noticed a death yak
 16666 | Lair:4   | Killed a death yak
 16667 | Lair:4   | Reached XP level 13. HP: 118/118 MP: 14/14
 16971 | Lair:5   | Entered Level 5 of the Lair of Beasts
 18300 | Lair:5   | Noticed Kirke
 18310 | Lair:5   | Killed Kirke
 18569 | Lair:5   | Found a runed translucent door.
 18574 | Lair:5   | Found a staircase to the Slime Pits.
 18738 | Lair:5   | Reached ***** piety under the Shining One
 18750 | Lair:5   | Reached skill level 17 in Axes
 18750 | Lair:5   | Reached skill level 5 in Throwing
 18750 | Lair:5   | Reached skill level 5 in Invocations
 18787 | Lair:5   | Found a corrupted altar of Lugonu.
 18787 | Lair:5   | Found a one-way gate to the infinite horrors of the Abyss.
 19421 | Slime:1  | Entered Level 1 of the Pits of Slime
 19429 | Slime:1  | Noticed an acid blob
 19433 | Slime:1  | Reached XP level 14. HP: 128/129 MP: 17/17
 19439 | Slime:1  | Killed an acid blob
 19594 | Slime:1  | Noticed a rockslime
 19601 | Slime:1  | Killed a rockslime
 19678 | Slime:1  | Noticed an acid blob
 19678 | Slime:1  | Noticed an azure jelly
 19686 | Slime:1  | Killed an acid blob
 19687 | Slime:1  | Killed an azure jelly
 19826 | Slime:1  | You fall into a shaft and drop 1 floor!
 19826 | Slime:2  | Noticed a quicksilver ooze
 19831 | Slime:2  | Killed a quicksilver ooze
 19887 | Slime:3  | Noticed a quicksilver ooze
 19895 | Slime:3  | Killed a quicksilver ooze
 20146 | Slime:3  | Gained mutation: You occasionally shout uncontrollably at
                  | your foes. [a shining eye]
 20150 | Slime:3  | Noticed a rockslime
 20154 | Slime:3  | Noticed a rockslime
 20158 | Slime:3  | Killed a rockslime
 20162 | Slime:3  | Killed a rockslime
 20163 | Slime:3  | Reached skill level 18 in Axes
 20456 | Slime:4  | Noticed a rockslime
 20462 | Slime:4  | Killed a rockslime
 20470 | Slime:4  | Gained mutation: You are dopey. (Int -2) [a shining eye]
 20474 | Slime:4  | Gained mutation: Your spells are a little easier to cast,
                  | but a little less powerful. [a shining eye]
 20477 | Slime:4  | Gained mutation: You have hidden genetic defects. [a
                  | shining eye]
 20574 | Slime:5  | Entered Level 5 of the Pits of Slime
 20575 | Slime:5  | Noticed a rockslime
 20582 | Slime:5  | Noticed an acid blob
 20583 | Slime:5  | Killed a rockslime
 20587 | Slime:5  | Paralysed by a great orb of eyes for 2 turns
 20589 | Slime:5  | Noticed an acid blob
 20590 | Slime:5  | Noticed a rockslime
 20594 | Slime:5  | Killed an acid blob
 20597 | Slime:5  | Killed an acid blob
 20597 | Slime:5  | Noticed the Royal Jelly
 20597 | Slime:5  | Noticed an acid blob
 20602 | Slime:5  | HP: 3/130 [the Royal Jelly (15)]
 20602 | Slime:5  | Splashed by the Royal Jelly's acid

Illustrated notes

Levels and vault maps discovered:
D:1:      dpeg_arrival_central, layout_rooms, minmay_tetromino_t4
D:2:      layout_rooms, minmay_misc_feat_x, uniq_jessica
D:3:      layout_basic, nicolae_overflow_crystal_walls
D:4:      layout_loops_ring, lemuel_crystal_altar
D:5:      layout_loops_corners, kennysheep_ying_yang, serial_shops,
          nicolae_shop_rolling_square, uniq_edmund
D:6:      layout_basic, kennysheep_mini_moat, ebering_ghost_reflecting_pool
D:7:      layout_basic, grunt_temple_overflow_magic_moments, lemuel_tele_altar,
          grunt_qazlal_sundering, nicolae_ru_sacrificial_ziggurat,
          minmay_temple_entry_ruins, uniq_maggie
D:8:      layout_loops_ring, jmf_multi_god_temple, ebering_ghost_inner_flame,
          uniq_joseph
D:9:      layout_basic, zin_angel, serial_curves, eino_curves_01,
          eino_curves_02, minmay_hollow_rounded_squares, uniq_erica
D:10:     layout_long_grid, slow_altar_2, bloody_makhleb, lair_entry_dummy
Lair:1:   layout_cave_pods, grunt_megastairs_4, serial_bayou_shore_b,
          serial_bayou_shore_a
Lair:2:   layout_loops_ring, nicolae_swamp_entry_splash_gauntlet,
          dummy_snake_entry
Lair:3:   layout_misc_corridors, minmay_lair_oklob_items, st_stairs_4,
          chequers_serial_rivers_large_a, grunt_megastairs_1
Lair:4:   layout_big_grid, serial_forest, infiniplex_forest_lined_2,
          infiniplex_forest_lined_corner, infiniplex_forest_clump_tiny,
          infiniplex_forest_split, infiniplex_forest_lined_3_way,
          infiniplex_forest_straight_4, infiniplex_forest_straight_3,
          infiniplex_forest_lined_2, infiniplex_forest_clump_C,
          grunt_megastairs_3, uniq_josephine
Lair:5:   hellmonk_lair_end_abyssal_woods, layout_gridlike, slime_entry_2,
          serial_bayou_shore_b, grunt_megastairs_2, uniq_kirke
Slime:1:  layout_caves
Slime:2:  layout_caves
Slime:3:  layout_caves
Slime:4:  layout_caves
Slime:5

Skill      XL: |  1  2  3  4  5  6  7  8  9 10 11 12 13 14 |
---------------+-------------------------------------------+-----
Axes           | 3 4 5 6 7 9 11 13 14 16 17 18 | 18.0
Fighting       | 4 5 6 7 8 9 11 12 13 | 13.8
Armour         | 4 5 6 7 8 9 11 12 13 | 13.8
Shields        | 4 5 6 7 8 9 11 12 13 | 13.8
Throwing       | 3 5 7 |  7.0
Invocations    | 3 5 7 |  7.0

Action                     |  1- 3 |  4- 6 |  7- 9 | 10-12 | 13-15 || total
---------------------------+-------+-------+-------+-------+-------++-------
  Melee: War axe           |    61 |   148 |   224 |   390 |   189 ||  1012
         Headbutt          |     6 |    20 |    46 |   111 |    62 ||   245
  Throw: Dart              |     2 |       |    31 |    50 |     8 ||    91
         Throwing net      |       |       |       |     5 |       ||     5
  Evoke: Wand              |       |       |    21 |    22 |    24 ||    67
    Use: Scroll            |     1 |     4 |     7 |    14 |     4 ||    30
         Potion            |       |       |       |     3 |     1 ||     4
 Armour: Scale mail        |    28 |     8 |       |       |       ||    36
         Plate armour      |       |   104 |   187 |   241 |   256 ||   788
  Dodge: Dodged            |    38 |    56 |    67 |    76 |    89 ||   326
  Block: Buckler           |    22 |    47 |    34 |       |       ||   103
         Kite shield       |       |       |    57 |   209 |   177 ||   443
